 Dungeon Crawl Stone Soup version 0.16-a0-4113-g7d8e295 (webtiles) character file.

124 Kaesh the Covered (level 4, -1/40 HPs)
             Began as a Minotaur Fighter on Feb 28, 2015.
             Killed by divine providence
             ... invoked by an orc priest
              (12 damage)
             ... on level 3 of the Dungeon.
             The game lasted 00:07:06 (2048 turns).

Kaesh the Covered (Minotaur Fighter)                Turns: 2048, Time: 00:07:06

Health: -1/40      AC:  7    Str: 24    XL:     4   Next: 81%
Magic:  2/2        EV:  8    Int:  5    God:
Gold:   89         SH:  9    Dex:  9    Spells: 0 memorised, 3 levels left

rFire  . . .     SeeInvis .     a - +0 long sword
rCold  . . .     Clarity  .     b - +0 scale mail
rNeg   . . .     SustAb   .     c - +0 shield
rPois  .         Gourm    .     (helmet restricted)
rElec  .         Spirit   .     (no cloak)
rCorr  .         Warding  .     (no gloves)
rMut   .         Stasis   .     (no boots)
MR     .....                    (no amulet)
Stlth  ..........               (no ring)
                                h - +2 ring of strength

@: not resistant to hostile enchantments, extremely unstealthy
A: retaliatory headbutt, horns 2
a: no special abilities


You were on level 3 of the Dungeon.
You were not hungry.

You visited 1 branch of the dungeon, and saw 3 of its levels.

You collected 89 gold pieces.

Inventory:

Hand weapons
 a - a +0 long sword (weapon)
Armour
 b - a +0 scale mail (worn)
 c - a +0 shield (worn)
Jewellery
 h - a +2 ring of strength (left hand)
Scrolls
 g - 2 scrolls of recharging {unknown}
 i - a scroll of enchant weapon {unknown}
 j - a scroll of remove curse {unknown}
 k - 2 scrolls of teleportation {unknown}
 l - 2 scrolls of noise {unknown}
 m - a scroll of fog {unknown}
 o - a scroll of enchant armour {unknown}
 r - a scroll of magic mapping {unknown}
Potions
 e - a potion of might
 p - a potion of flight {unknown}
 q - a potion of curing {unknown}
Comestibles
 d - a bread ration
 f - a royal jelly
 n - 3 chunks of flesh


   Skills:
 + Level 4.2 Fighting
 + Level 3.2 Long Blades
 + Level 4.8 Armour
 + Level 2.0 Dodging
 + Level 4.3 Shields


You had 3 spell levels left.
You didn't know any spells.

Dungeon Overview and Level Annotations

Branches:
Dungeon (3/15)

Altars:
Ru


Innate Abilities, Weirdness & Mutations

You reflexively headbutt those who attack you in melee.
You have a pair of horns on your head.


Message History

You slash the orc!
You kill the orc!
The orc wizard mumbles some strange words.
The orc wizard blinks!
You barely miss the orc. The orc closely misses you. You furiously retaliate!
You headbutt the orc!
You kill the orc!
You barely miss the orc priest. You block the orc priest's attack.
You slash the orc priest!
The orc priest is heavily wounded.
The orc priest looks braver.
The orc wizard mumbles some strange words.
The orc wizard blinks!
The orc priest utters an invocation to Beogh.
You feel troubled.
You closely miss the orc priest.
The orc priest is heavily wounded.
The orc priest calls down the wrath of Beogh upon you.
Something smites you!
You die...

#########
####.....##
#.......#
###.....#
#....o..#
#.......## #
#.......#
#.........
#..#.......#
#.........
#..........#
#.........
#.....)....#
#####.....
#.....##o###
###### #.... #@#
#... #.# ########
#.. #.# #....... .
#.# #....... #.#
#......≈
#.#########.....≈≈
#............#####
##########...# ≈
#.### #


You could see an orc priest and an orc wizard.

Vanquished Creatures
  4 adders
  A worm (D:2)
  4 orcs (D:3)
  2 giant cockroaches
  3 goblins
  10 hobgoblins
  19 jackals
  7 kobolds
  A quokka (D:2)
  8 bats
  8 giant newts
  7 rats
74 creatures vanquished.

Notes
Turn   | Place    | Note
--------------------------------------------------------------
     0 | D:1      | Kaesh, the Minotaur Fighter, began the quest for the Orb.
     0 | D:1      | Reached XP level 1. HP: 19/19 MP: 1/1
   207 | D:1      | Reached skill level 4 in Armour
   207 | D:1      | Reached XP level 2. HP: 27/27 MP: 1/1
   681 | D:2      | Reached XP level 3. HP: 33/33 MP: 2/2
   878 | D:2      | Reached skill level 1 in Dodging
   958 | D:2      | Found a sacrificial altar of Ru.
  1189 | D:2      | Reached XP level 4. HP: 36/40 MP: 2/2
  2048 | D:3      | Killed from afar by an orc priest

Action                   |  1- 3 |  4- 6 || total
-------------------------+-------+-------++-------
Melee: Long sword        |   110 |   115 ||   225
  Eat: Chunk             |       |     4 ||     4
